 Dungeon Crawl Stone Soup version 0.29.0-5-ge4962eb29e (webtiles) character file.

Game seed: 8236606500320121470

1376 LabCoat the Cleaver (level 8, -5/66 (68) HPs)
             Began as a Hill Orc Fighter on Aug 29, 2022.
             Killed from afar by Maggie (33 damage)
             ... with a bolt of fire
             ... on level 6 of the Dungeon.
             The game lasted 00:19:06 (5936 turns).

LabCoat the Cleaver (Hill Orc Fighter)              Turns: 5936, Time: 00:19:08

HP:   -5/66 (68)    AC: 17    Str: 21    XL:     8   Next: 66%
MP:   8/8           EV:  8    Int: 11    God:
Gold: 447           SH:  4    Dex: 10    Spells: 7/7 levels left

rFire   . . .      SeeInvis .   a - +0 war axe
rCold   . . .      Faith    .   c - +0 buckler
rNeg    . . .      Spirit   .   h - +0 chain mail
rPois   .          Reflect  .   l - +1 helmet {Int+3}
rElec   .          Harm     .   j - +0 cloak
rCorr   .          Rampage  .   (no gloves)
Will    +....                   (no boots)
Stlth   ..........              (no amulet)
HPRegen 0.21/turn               f - ring of willpower
MPRegen 0.11/turn               i - +4 ring of protection

@: lightly drained
A: no striking features
a: no special abilities


You were on level 6 of the Dungeon.
You visited 1 branch of the dungeon, and saw 6 of its levels.
You also visited: Sewer.

You collected 447 gold pieces.

Inventory:

Hand Weapons
 a - a +0 war axe (weapon)
 g - a +0 flail
 m - a +0 club
Missiles
 d - 4 boomerangs
 n - a poisoned dart (quivered)
Armour
 c - a +0 buckler (worn)
 h - a +0 chain mail (worn)
 j - a +0 cloak (worn)
 l - a +1 helmet of intelligence (worn)
Jewellery
 f - a ring of willpower (left hand)
 i - a +4 ring of protection (right hand)
 p - a ring of positive energy
Scrolls
 b - a scroll of fear {unknown}
 q - a scroll of magic mapping
Potions
 e - a potion of haste
 k - a potion of lignification {unknown}
 o - a potion of curing
 r - a potion of magic {unknown}


   Skills:
 + Level 5.3 Fighting
 * Level 10.4 Axes
 + Level 1.6 Throwing
 + Level 5.6 Armour
 + Level 1.7 Dodging
 + Level 4.3 Shields


You had 7 spell levels left.
You didn't know any spells.
Your spell library contained the following spells:

 Spells                   Type           Power      Damage    Failure   Level
 Necrotise                Necr           0%         1d4       98%         1
 Shock                    Conj/Air       0%         1d3       98%         1
 Swiftness                Air            0%         N/A       100%        3
 Vampiric Draining        Necr           0%         2d6       100%        3
 Airstrike                Air            0%         2d(0-16)  100%        4
 Agony                    Necr           0%         N/A       100%        5


Dungeon Overview and Level Annotations

Branches:
Dungeon (6/15)              Sewer (visited)
 Temple: D:4-7

Altars:
Ashenzari
Cheibriados
Elyvilon
Hepliaklqana

Shops:
D:2 (

Annotations:
D:6 Maggie


Message History

You throw a poisoned dart. The poisoned dart hits Maggie.
Maggie looks even sicker.
Maggie is lightly wounded.
Maggie says, "Fear not.
I will immortalize you in the tale of my first kill."
Maggie gestures at you while chanting. The bolt of fire hits you!
Throw: 3 darts (poison)
Press: ? - help, Q - select action, (/) - cycle Shift-Dir - straight line, f/p - Maggie
Aim: Maggie, wielding a +0 scimitar of draining and wearing +0 steam dragon scales (lightly wounded, very poisoned, 57% to hit)
You throw a poisoned dart. The poisoned dart hits Maggie.
Maggie is lightly wounded.
Throw: 2 darts (poison)
Press: ? - help, Q - select action, (/) - cycle Shift-Dir - straight line, f/p - Maggie
Aim: Maggie, wielding a +0 scimitar of draining and wearing +0 steam dragon scales (lightly wounded, very poisoned, 57% to hit)
You throw a poisoned dart. The poisoned dart barely misses Maggie.
Maggie says, "Leave now, and tell all of Margery's mercy!"
You hit Maggie.
Maggie is lightly wounded.
You block Maggie's attack.
You barely miss Maggie.
Maggie is lightly wounded.
Maggie points at you and mumbles some strange words.
The bolt of fire misses you.
You barely miss Maggie.
Maggie is lightly wounded.
Maggie hits you but does no damage.
You feel drained.
You barely miss Maggie.
Maggie is lightly wounded.
Maggie hits you with a +0 scimitar of draining.
You feel drained.
You barely miss Maggie.
Maggie is moderately wounded.
Maggie closely misses you.
You slash Maggie!
Maggie is moderately wounded.
Maggie practices a pose.
Maggie points at you and mumbles some strange words.
The bolt of fire hits you!!
Ouch! That really hurt!
You die...

≈.§§§.≈..#. ...
.≈...≈.§.§.≈..#.
###..#.≈§§.≈.§.≈≈§..#.
.#..#...≈.≈.§.≈....#.
...#._.....§§.._..#.
#......≈§§§≈.≈...##.
#####.?.?≈≈≈§≈§§.≈≈≈§...
#(!(((@..§..§§§≈..)≈†###
#@.§.§≈≈.≈≈≈.§.#
#........).....#
#...#....#...###
#...#...)#...#
#.####))##...#
#.##...####### #.#..###
#.#.## #...#


You could see Maggie (very poisoned).

Vanquished Creatures
  Eustachio (D:4)
  2 water moccasins
  An ice beast (D:5)
  An ogre (D:5)
  A centaur (D:5)
  A phantom (D:5)
  A gnoll sergeant (D:5)
  2 scorpions
  A howler monkey (D:4)
  2 hounds (D:4)
  An orc priest (D:6)
  A gnoll bouda (D:6)
  2 iguanas (D:5)
  Natasha (thrice) (D:2)
  9 gnolls
  6 adders
  2 worms
  4 dart slugs
  4 orcs
  8 bats
  6 endoplasms
  5 giant cockroaches
  6 hobgoblins
  2 jackals (D:4)
  6 quokkas
  6 ball pythons
  A frilled lizard (D:3)
  12 kobolds
  6 rats
103 creatures vanquished.

Notes
Turn   | Place    | Note
-------+----------+-------------------------------------------
     0 | D:1      | LabCoat the Hill Orc Fighter began the quest for the Orb.
     0 | D:1      | Reached XP level 1. HP: 19/19 MP: 1/1
   143 | D:1      | Reached XP level 2. HP: 17/27 MP: 2/2
   516 | D:1      | Reached skill level 3 in Axes
   976 | D:1      | Reached XP level 3. HP: 29/33 MP: 3/3
  1185 | D:2      | Found a faded altar of an unknown god.
  1252 | D:2      | Noticed Natasha
  1258 | D:2      | Killed Natasha
  1259 | D:2      | Reached skill level 4 in Axes
  1379 | D:2      | Reached XP level 4. HP: 40/40 MP: 4/4
  1451 | D:2      | Noticed Natasha
  1460 | D:2      | Killed Natasha
  1852 | D:2      | Found Onett's Weapon Emporium.
  2048 | D:2      | Noticed Natasha
  2052 | D:2      | Killed Natasha
  2116 | D:2      | Reached XP level 5. HP: 46/46 MP: 5/5
  2207 | D:3      | Reached skill level 5 in Axes
  2910 | D:4      | Reached skill level 6 in Axes
  2910 | D:4      | Reached skill level 1 in Dodging
  2910 | D:4      | Reached XP level 6. HP: 43/52 MP: 6/6
  3188 | D:4      | Noticed Eustachio
  3218 | D:4      | Killed Eustachio
  3219 | D:4      | Reached skill level 7 in Axes
  3219 | D:4      | Reached XP level 7. HP: 6/60 MP: 7/7
  3870 | D:5      | Entered Level 5 of the Dungeon
  3945 | D:5      | Found a glowing drain.
  3954 | Sewer    | Entered a sewer
  4191 | Sewer    | Reached skill level 8 in Axes
  4798 | D:5      | Reached skill level 5 in Armour
  4925 | D:5      | Reached skill level 9 in Axes
  4925 | D:5      | Reached XP level 8. HP: 43/67 MP: 8/8
  5054 | D:5      | Reached skill level 5 in Fighting
  5061 | D:5      | Reached skill level 1 in Throwing
  5278 | D:5      | Found a hazy altar of Hepliaklqana.
  5610 | D:5      | Found a white marble altar of Elyvilon.
  5772 | D:6      | Found a broken altar of Ashenzari.
  5809 | D:6      | Found a snail-covered altar of Cheibriados.
  5810 | D:6      | Identified the +12 sling "Igij" {speed, rF+ Int+4}
  5829 | D:6      | Reached skill level 10 in Axes
  5921 | D:6      | Noticed Maggie
  5936 | D:6      | Killed from afar by Maggie

Illustrated notes

Levels and vault maps discovered:
D:1:      psy_arrival_dodecagon, layout_basic, nrook_uturn
D:2:      layout_basic, hellmonk_ecumenical_altar_arch_garden, serial_glass,
          glass_columns_a, glass_columns_a, serial_shops, shop_fountains,
          uniq_natasha
D:3:      layout_rooms, minmay_misc_feat_cross
D:4:      layout_loops_corners, uniq_eustachio
D:5:      layout_cave_pools, marbit_many_paths,
          nicolae_hepliaklqana_hippocampus, portal_sewer_entry_b,
          minmay_misc_feat_roman
D:6:      layout_basic, mainiacjoe_overflow_large_starburst,
          minmay_temple_entry_antechambers, kennysheep_generic_room_5,
          uniq_grinder, uniq_sigmund, uniq_edmund, uniq_maggie

Skill      XL: |  1  2  3  4  5  6  7  8 |
---------------+-------------------------+-----
Axes           | 3 4 6 7 9 10 | 10.4
Fighting       | 4 5 |  5.3
Armour         | 4 5 |  5.6
Dodging        | 1 |  1.7
Shields        | 4 |  4.3
Throwing       | 1 |  1.6

Action                   |  1- 3 |  4- 6 |  7- 9 || total
-------------------------+-------+-------+-------++-------
Melee: War axe           |    73 |   115 |   162 ||   350
Throw: Dart              |       |     6 |    42 ||    48
  Use: Scroll            |     3 |     6 |     3 ||    12
       Potion            |       |     2 |     5 ||     7
Armor: Scale mail        |    20 |       |       ||    20
       Chain mail        |    33 |   110 |   122 ||   265
Dodge: Dodged            |    44 |    61 |    67 ||   172
Block: Buckler           |    18 |    26 |    51 ||    95
